TOP OF THE 1ST |
Toronto Titans batting - Pitching for Madison Bombers : RHP Roberto Reyes
|
Pitching: RHP Roberto Reyes
|
|
Batting: SHB Ryobe Yamamoto
|
0-0: Ball 1-0: SINGLE (Groundball, 4M)
|
Batting: LHB Lewis Barr
|
0-0: Ball 1-0: Grounds into double play, 6-4-3 (Groundball, 6)
|
Batting: LHB Jorge Martínez
|
0-0: Ball 1-0: Foul Ball, location: 2F 1-1: Foul Ball, location: 2F 1-2: Ball 2-2: Foul Ball, location: 2F 2-2: Ball 3-2: SINGLE (Groundball, 6MD)
|
Batting: LHB José Rodríguez
|
0-0: Ball 1-0: Ball 2-0: Ball 3-0: Base on Balls Jorge Martínez to second
|
Batting: LHB Anacleto Morillo
|
0-0: Called Strike 0-1: Ball 1-1: Called Strike 1-2: 3-RUN HOME RUN (Line Drive, 89XD), Distance : 401 ft
|
Batting: RHB Gilberto López
|
0-0: Foul Ball, location: 2F 0-1: SINGLE (Groundball, 56D)
|
Batting: RHB Matt Doyle
|
0-0: Ball 1-0: Ground out 4-3 (Groundball, 4)
|
Top of the 1st over - 3 run(s), 4 hit(s), 0 error(s), 1 left on base; Toronto 3 - Madison 0 |
TOP OF THE 2ND |
Toronto Titans batting - Pitching for Madison Bombers : RHP Roberto Reyes
|
Batting: RHB Manuel González
|
0-0: Ball 1-0: Called Strike 1-1: Ball 2-1: Ball 3-1: SOLO HOME RUN (Flyball, 89XD), Distance : 396 ft
|
Batting: LHB Kent MacDulothe
|
0-0: Ground out U3 (Groundball, 3S)
|
Batting: SHB Ryobe Yamamoto
|
0-0: Swinging Strike 0-1: Foul Ball, location: 2F 0-2: Foul Ball, location: 2F 0-2: Ball 1-2: Foul Ball, location: 2F 1-2: Foul Ball, location: 2F 1-2: Ball 2-2: Ball 3-2: Ground out 6-3 (Groundball, 6)
|
Batting: LHB Lewis Barr
|
0-0: Called Strike 0-1: Swinging Strike 0-2: TRIPLE (Line Drive, 89M)
|
Batting: LHB Jorge Martínez
|
0-0: Called Strike 0-1: Ball Wild Pitch! Lewis Barr scores 1-1: Foul Ball, location: 2F 1-2: Ball 2-2: Ball 3-2: Ground out 4-3 (Groundball, 4M)
|
Top of the 2nd over - 2 run(s), 2 hit(s), 0 error(s), 0 left on base; Toronto 5 - Madison 2 |
BOTTOM OF THE 2ND |
Madison Bombers batting - Pitching for Toronto Titans : RHP Daniel Grant
|
Batting: SHB Derek Roach
|
0-0: Ball 1-0: Ball 2-0: Called Strike 2-1: SINGLE (Groundball, 34D)
|
Batting: LHB Avery Hopkins
|
0-0: Fly out, F8 (Flyball, 8RXD)
|
Batting: RHB Bailey Ramsey
|
0-0: Swinging Strike 0-1: Grounds into double play, 6-4-3 (Groundball, 6)
|
Bottom of the 2nd over - 0 run(s), 1 hit(s), 0 error(s), 0 left on base; Toronto 5 - Madison 2 |
TOP OF THE 3RD |
Toronto Titans batting - Pitching for Madison Bombers : RHP Roberto Reyes
|
Batting: LHB José Rodríguez
|
0-0: Ground out 4-3 (Groundball, 34)
|
Batting: LHB Anacleto Morillo
|
0-0: Ball 1-0: Foul Ball, location: 2F 1-1: SINGLE (Groundball, 4MD)
|
Batting: RHB Gilberto López
|
0-0: Ball 1-0: Grounds into double play, 5-4-3 (Groundball, 5L)
|
Top of the 3rd over - 0 run(s), 1 hit(s), 0 error(s), 0 left on base; Toronto 5 - Madison 2 |
BOTTOM OF THE 3RD |
Madison Bombers batting - Pitching for Toronto Titans : RHP Daniel Grant
|
Batting: LHB Keith Tillman
|
0-0: Called Strike 0-1: Ball 1-1: Swinging Strike 1-2: Foul Ball, location: 2F 1-2: Strikes out looking
|
Batting: RHB Sergio Márquez
|
0-0: Called Strike 0-1: Ball 1-1: Foul Ball, location: 2F 1-2: Ball 2-2: SINGLE (Groundball, 34D)
|
Batting: RHB Vicente Aguirre
|
0-0: Ball 1-0: Ball 2-0: Ball 3-0: Called Strike 3-1: Foul Ball, location: 2F 3-2: Strikes out swinging
|
Batting: LHB Dave Williams
|
0-0: Ball 1-0: Ball 2-0: Ground out 2-3 (Groundball, 15S)
|
Bottom of the 3rd over - 0 run(s), 1 hit(s), 0 error(s), 1 left on base; Toronto 5 - Madison 2 |
TOP OF THE 4TH |
Toronto Titans batting - Pitching for Madison Bombers : RHP Roberto Reyes
|
Batting: RHB Matt Doyle
|
0-0: Fly out, F9 (Flyball, 9S)
|
Batting: RHB Manuel González
|
0-0: Called Strike 0-1: Ball 1-1: Ball 2-1: Foul Ball, location: 2F 2-2: Ball 3-2: Strikes out looking
|
Batting: LHB Kent MacDulothe
|
0-0: Foul Ball, location: 2F 0-1: Ball 1-1: Ball 2-1: Foul Ball, location: 2F 2-2: Foul Ball, location: 2F 2-2: Ball 3-2: Base on Balls
|
Batting: SHB Ryobe Yamamoto
|
0-0: Foul Ball, location: 2F 0-1: Swinging Strike 0-2: Ball Pickoff Throw to First - Error! E1 Kent MacDulothe to second 1-2: Strikes out looking
|
Top of the 4th over - 0 run(s), 0 hit(s), 1 error(s), 1 left on base; Toronto 5 - Madison 2 |
BOTTOM OF THE 4TH |
Madison Bombers batting - Pitching for Toronto Titans : RHP Daniel Grant
|
Batting: SHB Michael McDonald
|
0-0: Ball 1-0: Ground out 5-3 (Groundball, 5S)
|
Batting: LHB José Santos
|
0-0: Called Strike 0-1: Ground out 3-1 (Groundball, 34)
|
Batting: SHB Derek Roach
|
0-0: Called Strike 0-1: Fly out, F9 (Flyball, 89S)
|
Bottom of the 4th over - 0 run(s), 0 hit(s), 0 error(s), 0 left on base; Toronto 5 - Madison 2 |
TOP OF THE 5TH |
Toronto Titans batting - Pitching for Madison Bombers : RHP Roberto Reyes
|
Batting: LHB Lewis Barr
|
0-0: Ball 1-0: Fly out, F8 (Flyball, 8LXD)
|
Batting: LHB Jorge Martínez
|
0-0: Foul Ball, location: 2F 0-1: Ball 1-1: Ground out 6-3 (Groundball, 6)
|
Batting: LHB José Rodríguez
|
0-0: Ground out 4-3 (Groundball, 4S)
|
Top of the 5th over - 0 run(s), 0 hit(s), 0 error(s), 0 left on base; Toronto 5 - Madison 2 |
BOTTOM OF THE 5TH |
Madison Bombers batting - Pitching for Toronto Titans : RHP Daniel Grant
|
Batting: LHB Avery Hopkins
|
0-0: SINGLE (Groundball, 2L) (infield hit)
|
Batting: RHB Bailey Ramsey
|
0-0: Swinging Strike 0-1: SINGLE (Groundball, 56D) Avery Hopkins to second
|
Batting: LHB Keith Tillman
|
0-0: Ball 1-0: Called Strike 1-1: Foul Ball, location: 2F 1-2: Strikes out looking
|
Batting: RHB Sergio Márquez
|
0-0: Called Strike Balk! Avery Hopkins to third Bailey Ramsey to second 0-1: Ball 1-1: Swinging Strike 1-2: Ground out 1-3 (Groundball, 15S)
|
Batting: RHB Vicente Aguirre
|
0-0: Called Strike 0-1: Ball 1-1: Foul Ball, location: 2F 1-2: Strikes out looking
|
Bottom of the 5th over - 0 run(s), 2 hit(s), 0 error(s), 2 left on base; Toronto 5 - Madison 2 |
TOP OF THE 6TH |
Toronto Titans batting - Pitching for Madison Bombers : RHP Roberto Reyes
|
Batting: LHB Anacleto Morillo
|
0-0: Fly out, F8 (Flyball, 8RM)
|
Batting: RHB Gilberto López
|
0-0: Fly out, F7 (Line Drive, 7D)
|
Batting: RHB Matt Doyle
|
0-0: Ball 1-0: Swinging Strike 1-1: Ball 2-1: Called Strike 2-2: Ground out 6-3 (Groundball, 6)
|
Top of the 6th over - 0 run(s), 0 hit(s), 0 error(s), 0 left on base; Toronto 5 - Madison 2 |
BOTTOM OF THE 6TH |
Madison Bombers batting - Pitching for Toronto Titans : RHP Daniel Grant
|
Batting: LHB Dave Williams
|
0-0: Swinging Strike 0-1: Foul Ball, location: 2F 0-2: Ball 1-2: Strikes out swinging, 2-3 out at first.
|
Pitching: LHP Roberto Vázquez
|
|
Batting: SHB Michael McDonald
|
0-0: Swinging Strike 0-1: Foul Ball, location: 2F 0-2: Strikes out swinging
|
Batting: LHB José Santos
|
0-0: Called Strike 0-1: Swinging Strike 0-2: Ball 1-2: Ball 2-2: Strikes out looking
|
Bottom of the 6th over - 0 run(s), 0 hit(s), 0 error(s), 0 left on base; Toronto 5 - Madison 2 |
TOP OF THE 7TH |
Toronto Titans batting - Pitching for Madison Bombers : RHP Roberto Reyes
|
Batting: RHB Manuel González
|
0-0: Ball 1-0: Called Strike 1-1: Ball 2-1: Foul Ball, location: 2F 2-2: Ground out 4-3 (Groundball, 34)
|
Batting: LHB Kent MacDulothe
|
0-0: Called Strike 0-1: Swinging Strike 0-2: Ball 1-2: Foul Ball, location: 2F 1-2: Fly out, F8 (Flyball, 8LM)
|
Batting: SHB Ryobe Yamamoto
|
0-0: Ball 1-0: Fly out, F6 (Popup, 6D)
|
Top of the 7th over - 0 run(s), 0 hit(s), 0 error(s), 0 left on base; Toronto 5 - Madison 2 |
BOTTOM OF THE 7TH |
Madison Bombers batting - Pitching for Toronto Titans : LHP Roberto Vázquez
|
Now in CF: Bob Sawyer
|
|
Batting: SHB Derek Roach
|
0-0: Called Strike 0-1: Ground out 6-3 (Groundball, 6)
|
Batting: LHB Avery Hopkins
|
0-0: Ball 1-0: Swinging Strike 1-1: Called Strike 1-2: Ball 2-2: Strikes out swinging
|
Batting: RHB Bailey Ramsey
|
0-0: Ball 1-0: Ball 2-0: Called Strike 2-1: Foul Ball, location: 2F 2-2: Foul Ball, location: 2F 2-2: Ground out 6-3 (Groundball, 6M)
|
Bottom of the 7th over - 0 run(s), 0 hit(s), 0 error(s), 0 left on base; Toronto 5 - Madison 2 |
TOP OF THE 8TH |
Toronto Titans batting - Pitching for Madison Bombers : RHP Roberto Reyes
|
Pitching: RHP José Ruíz
|
|
Batting: LHB Lewis Barr
|
0-0: Ball 1-0: Ball 2-0: Ball 3-0: Base on Balls
|
Batting: LHB Jorge Martínez
|
0-0: Ball 1-0: Foul Ball, location: 2F 1-1: Fly out, F7 (Flyball, 78M)
|
Batting: LHB José Rodríguez
|
0-0: Called Strike 0-1: Swinging Strike 0-2: Ball 1-2: Strikes out swinging
|
Batting: LHB Anacleto Morillo
|
0-0: DOUBLE (Flyball, 89XD) Lewis Barr to third Runner from 3rd tries for Home, SAFE, no throw or cutoff
|
Batting: RHB Gilberto López
|
0-0: Ball 1-0: Ball 2-0: Foul Ball, location: 2F 2-1: Foul Ball, location: 2F 2-2: SINGLE (Line Drive, 7S) Anacleto Morillo to third Runner from 3rd tries for Home, SAFE, no throw or cutoff
|
Batting: RHB Matt Doyle
|
0-0: Called Strike 0-1: Ball 1-1: Ball 2-1: Ball 3-1: Called Strike 3-2: Strikes out swinging
|
Top of the 8th over - 2 run(s), 2 hit(s), 0 error(s), 1 left on base; Toronto 7 - Madison 2 |
BOTTOM OF THE 8TH |
Madison Bombers batting - Pitching for Toronto Titans : LHP Roberto Vázquez
|
Pitching: LHP Braydon Schute
|
|
Now at SS: Alberto Velásquez
|
|
Batting: LHB Keith Tillman
|
0-0: Ball 1-0: Bunted foul 1-1: Called Strike 1-2: Ball 2-2: Ball 3-2: Base on Balls
|
Batting: RHB Sergio Márquez
|
0-0: Called Strike 0-1: Foul Ball, location: 2F 0-2: Ball 1-2: Ball 2-2: SINGLE (Line Drive, 56) Keith Tillman to second
|
Batting: RHB Vicente Aguirre
|
0-0: Foul Ball, location: 2F 0-1: Ball 1-1: Called Strike 1-2: Ball 2-2: Strikes out swinging
|
Batting: LHB Dave Williams
|
0-0: Called Strike 0-1: Fly out, F2 (Popup, 2LF)
|
Batting: SHB Michael McDonald
|
0-0: Called Strike 0-1: Called Strike 0-2: Ball 1-2: Foul Ball, location: 2F 1-2: Strikes out swinging
|
Bottom of the 8th over - 0 run(s), 1 hit(s), 0 error(s), 2 left on base; Toronto 7 - Madison 2 |
TOP OF THE 9TH |
Toronto Titans batting - Pitching for Madison Bombers : RHP José Ruíz
|
Batting: RHB Manuel González
|
0-0: Called Strike 0-1: Foul Ball, location: 2F 0-2: Strikes out swinging
|
Batting: LHB Bob Sawyer
|
0-0: Foul Ball, location: 2F 0-1: SINGLE (Line Drive, 9LM)
|
Batting: SHB Ryobe Yamamoto
|
0-0: Ball 1-0: Fielders Choice at 2nd, 3-6 (Groundball, 3)
|
Batting: LHB Lewis Barr
|
0-0: Called Strike 0-1: Foul Ball, location: 2F 0-2: Foul Ball, location: 2F 0-2: DOUBLE (Groundball, 3D) Ryobe Yamamoto to third Runner from 3rd tries for Home, SAFE, no throw or cutoff
|
Pitching: RHP Manny Canseco
|
|
Batting: RHB Alberto Velásquez
|
0-0: Ball 1-0: Swinging Strike 1-1: Ground out 4-3 (Groundball, 34)
|
Top of the 9th over - 1 run(s), 2 hit(s), 0 error(s), 1 left on base; Toronto 8 - Madison 2 |
BOTTOM OF THE 9TH |
Madison Bombers batting - Pitching for Toronto Titans : LHP Braydon Schute
|
Pitching: RHP David Lester
|
|
Batting: LHB José Santos
|
0-0: Called Strike 0-1: Swinging Strike 0-2: Strikes out swinging
|
Batting: SHB Derek Roach
|
0-0: Swinging Strike 0-1: Swinging Strike 0-2: Foul Ball, location: 2F 0-2: Strikes out swinging
|
Batting: LHB Avery Hopkins
|
0-0: Ball 1-0: Called Strike 1-1: Foul Ball, location: 2F 1-2: Strikes out swinging
|
Bottom of the 9th over - 0 run(s), 0 hit(s), 0 error(s), 0 left on base; Toronto 8 - Madison 2 |
|